AoeStats
← Janzen

MegaRandom

510249449Analyzed
4v4 RM · 16h ago on Sep 30, 2026· 69m 30s· 8 players
Game mode
Random Map
Map size
Large (8 player)
Population
200
Speed
Normal
Resources
Standard
Victory
Conquest
Starting age
Dark Age
Ending age
Imperial Age
RankedLock teamsTeams togetherTeam positionsShared explorationLock speedFull tech treeHidden civsTurbo modeCheats
Victory
Defeat
🇦🇷 Byzantines · Argentina
1076
+16
🇦🇷 Vietnamese · Argentina
1073
+16
🇦🇷 Franks · Argentina
1013
+19
🇦🇷 Varangians · Argentina
1013
+19
🇺🇸 Mongols · United States
1101
-18
🇹🇼 Persians · Taiwan
1081
-18
🇦🇺 Britons · Australia
1064
-17
🇺🇸 Burmese · United States
1057
-17
BLOO
0:30 Loom
12:53 Feudal Age
17:46 Bloodlines
27:08 Castle Age
26:49 Stone Mining
27:16 Fletching
30:40 Medium Warships
30:36 Bodkin Arrow
30:33 Fishing Lines
31:58 Husbandry
33:48 Gold Mining
35:53 Gold Shaft Mining
38:14 Ballistics
37:52 Murder Holes
41:17 Imperial Age
40:55 Masonry
42:18 Elite Arambai
45:58 Conscription
47:19 Gillnets
49:19 Chemistry
48:28 Bracer
49:08 Town Watch
49:29 Padded Archer Armor
50:30 Wheelbarrow
54:31 Scale Barding Armor
54:37 Forging
54:46 Forging
54:25 Elite Battle Elephant
58:32 Chain Barding Armor
58:50 Iron Casting
64:59 Elite Cannon Galleon
68:49 Plate Barding Armor
CreasingCloth35
0:45 Loom
10:03 Feudal Age
11:02 Double-Bit Axe
11:00 Horse Collar
14:09 Bloodlines
19:44 Castle Age
21:00 Bow Saw
20:53 Heavy Plow
21:12 Scale Barding Armor
21:18 Forging
22:45 Husbandry
23:55 Chain Barding Armor
24:50 Stone Mining
26:00 Wheelbarrow
26:32 Iron Casting
25:52 Gold Mining
30:33 Gold Shaft Mining
31:13 Gold Shaft Mining
33:24 Imperial Age
33:36 Elite Steppe Lancer
35:20 Blast Furnace
34:45 Conscription
47:54 Heavy Camel Rider
TURTLE KING
11:40 Feudal Age
21:02 Castle Age
22:00 Double-Bit Axe
22:08 Gold Mining
24:26 Gold Shaft Mining
32:24 Wheelbarrow
36:28 Imperial Age
34:41 Bloodlines
34:45 Forging
36:05 Iron Casting
36:18 Hand Cart
36:19 Cavalier
39:05 Chemistry
38:24 Husbandry
38:38 Savar
39:43 Heavy Camel Rider
42:24 Blast Furnace
41:30 Scale Barding Armor
49:01 Chain Barding Armor
58:00 Light Cavalry
Aquillo
11:57 Feudal Age
12:25 Fishing Lines
13:48 Loom
15:39 Double-Bit Axe
18:57 Castle Age
17:00 Fletching
17:11 Padded Archer Armor
17:28 Horse Collar
18:57 Stone Mining
19:33 Town Watch
20:08 Bow Saw
19:40 Crossbowman
23:58 Murder Holes
24:00 Gold Mining
27:41 Imperial Age
26:03 Bodkin Arrow
27:40 Wheelbarrow
28:16 Leather Archer Armor
30:00 Two-Man Saw
29:45 Ballistics
29:46 Heavy Plow
32:43 Chemistry
32:19 Yeomen
32:10 Gillnets
32:46 Bracer
33:50 Hand Cart
34:35 Ring Archer Armor
34:51 Conscription
35:21 Elite Longbowman
36:04 Warwolf
36:32 Town Patrol
37:43 Arbalester
39:25 Gold Shaft Mining
40:25 Siege Engineers
40:31 Clinker Construction
40:47 Shipwright
40:08 Treadmill Crane
40:39 Masonry
43:28 Carvel Hull
43:48 Husbandry
43:09 Light Cavalry
47:06 Forging
47:02 Scale Barding Armor
48:42 Iron Casting
49:31 Hoardings
51:12 Blast Furnace
50:33 Chain Barding Armor
50:20 Cavalier
65:03 Pikeman
66:29 Architecture
65:52 Halberdier
66:34 Squires
66:19 Arson
Lutar
0:42 Loom
9:09 Feudal Age
9:44 Man-at-Arms
11:38 Double-Bit Axe
14:22 Horse Collar
17:34 Wheelbarrow
22:34 Castle Age
24:22 Bow Saw
25:15 Heavy Plow
26:32 Stone Mining
26:33 Gold Mining
27:33 Coinage
30:40 Imperial Age
29:32 Hand Cart
29:39 Ballistics
29:38 Fletching
29:49 Padded Archer Armor
30:54 Stone Shaft Mining
30:54 Gold Shaft Mining
30:55 Bodkin Arrow
31:15 Leather Archer Armor
30:28 Elite Skirmisher
33:14 Chemistry
33:34 Ring Archer Armor
33:57 Conscription
33:21 Pikeman
33:54 Imperial Skirmisher
34:37 Bracer
41:03 Bombard Tower
43:41 Fortified Wall
51:56 Crop Rotation
53:47 Thumb Ring
61:45 Caravan
62:16 Banking
pelusinho
11:13 Feudal Age
11:18 Loom
12:00 Double-Bit Axe
15:22 Gold Mining
16:34 Fletching
19:56 Castle Age
18:56 Stone Mining
19:58 Crossbowman
22:49 Bow Saw
22:45 Town Watch
27:56 Wheelbarrow
29:12 Bodkin Arrow
30:00 Stone Shaft Mining
31:59 Horse Collar
33:16 Padded Archer Armor
35:46 Heavy Plow
36:39 Leather Archer Armor
42:18 Imperial Age
42:44 Ballistics
42:25 Elite Rattan Archer
44:19 Chemistry
45:01 Hand Cart
46:02 Bracer
48:10 Two-Man Saw
47:34 Scale Mail Armor
47:45 Forging
49:10 Crop Rotation
49:24 Paper Money
50:27 Ring Archer Armor
50:02 Pikeman
50:24 Elite Fire Lancer
52:05 Chain Mail Armor
52:25 Iron Casting
56:32 Coinage
59:08 Elite Skirmisher
63:51 Imperial Skirmisher
Pollo Flojo
0:47 Loom
10:22 Feudal Age
16:54 Castle Age
15:15 Double-Bit Axe
17:00 Wheelbarrow
16:17 Gold Mining
18:07 Bow Saw
18:50 Forging
20:07 Husbandry
20:25 Stone Mining
23:42 Hand Cart
24:32 Scale Barding Armor
30:16 Chain Barding Armor
30:32 Iron Casting
29:35 Pikeman
35:02 Imperial Age
33:16 Gold Shaft Mining
32:47 Padded Archer Armor
33:47 Ballistics
34:11 Squires
34:49 Leather Archer Armor
34:25 Fletching
36:34 Heavy Scorpion
38:39 Chemistry
38:42 Blast Furnace
37:38 Bodkin Arrow
38:19 Plate Barding Armor
37:35 Cavalier
39:09 Halberdier
42:04 Paladin
51:29 Scale Mail Armor
52:56 Chain Mail Armor
Janzen
6:15 Loom
10:36 Feudal Age
11:58 Wheelbarrow
15:58 Castle Age
15:10 Double-Bit Axe
17:53 Stone Mining
17:44 Horse Collar
18:17 Bow Saw
19:50 Forging
23:33 Hand Cart
23:06 Town Watch
23:46 Gold Mining
25:07 Husbandry
25:16 Scale Barding Armor
25:19 Fishing Lines
26:01 Bloodlines
29:55 Heavy Plow
30:20 Chain Barding Armor
30:43 Vendel Legacy
35:40 Imperial Age
34:40 Ballistics
34:57 Iron Casting
34:15 Fletching
36:42 Siege Engineers
36:04 Cavalier
37:16 Conscription
39:03 Plate Barding Armor
43:33 Chemistry
45:29 Blast Furnace
44:56 Bodkin Arrow
48:56 Masonry
54:34 Crop Rotation
57:51 Murder Holes
59:19 Architecture
65:10 Elite Varangian Guard
67:02 Gambesons
67:17 Squires
67:02 Arson
67:44 Scale Mail Armor
Connection lost

Rejoining the realm…

Still unreachable

The connection could not be restored.

Session expired

The server has moved on; the page needs a fresh start.